 Dungeon Crawl Stone Soup version 0.31-a0-105-gc0b45f0da6 (webtiles) character file.

Game seed: 13791101695305845294

1 Colgate the Grave Robber (level 1, -2/14 HPs)
             Began as a Meteoran Necromancer on May 27, 2023.
             Slain by an adder (3 damage)
             ... on level 2 of the Dungeon.
             The game lasted 00:00:21 (22 turns).

Colgate the Grave Robber (Meteoran Necromancer)       Turns: 22, Time: 00:00:21

Health: -2/14      AC:  2    Str:  9    XL:     1   Next: 28%
Magic:  1/5        EV: 12    Int: 16    God:
Gold:   0          SH:  0    Dex: 14    Spells: 4/5 levels left

rFire   . . .        (no weapon)
rCold   . . .        (no shield)
rNeg    . . .        a - +0 robe
rPois   .            (no helmet)
rElec   .            (no cloak)
rCorr   .            (no gloves)
SInv    .            (no boots)
Will    .....        (no amulet)
Stlth   +            (no ring)
HPRegen 0.22/turn    (no ring)
MPRegen 0.09/turn

%: no passive effects
@: lethally poisoned (-2 -> -9), glowing
A: sense surroundings 1, otherworldly, glowing, explore regen
a: no special abilities


You were on level 2 of the Dungeon.
You visited 1 branch of the dungeon, and saw 2 of its levels.

Inventory:

Armour
 a - a +0 robe (worn)
Potions
 b - a potion of magic


   Skills:
 - Level 2.4 Dodging
 - Level 1.4 Stealth
 + Level 2.8 Spellcasting
 - Level 4.3 Necromancy


You had 4 spell levels left.
You knew the following spells:

 Your Spells              Type           Power      Damage    Failure   Level
a - Necrotise             Necr           64%        1d7       3%          1

Your spell library contained the following spells:

 Spells                   Type           Power      Damage    Failure   Level
 Vampiric Draining        Necr           16%        2d7       10%         3
 Animate Dead             Necr           16%        N/A       30%         4
 Agony                    Necr           16%        N/A       65%         5


Dungeon Overview and Level Annotations

Branches:
Dungeon (2/15) Zot: 1177

Altars:


Innate Abilities, Weirdness & Mutations

You passively map a small area around you.
You are easily found by Zot.
You glow in the dark.
You regain HP and MP as you explore.


Message History

The endoplasm writhes in agony.
Aiming: Necrotise (safe; 3% risk of failure)
Aim: an endoplasm (almost dead, chance to affect: 86%)
The endoplasm barely resists.
Aiming: Necrotise (safe; 3% risk of failure)
Aim: an endoplasm (almost dead, chance to affect: 86%)
The endoplasm writhes in agony.
You kill the endoplasm!
Aiming: Necrotise (safe; 3% risk of failure)
Aim: an adder (chance to affect: 80%)
The adder barely resists.
Aiming: Necrotise (safe; 3% risk of failure)
Aim: an adder (chance to affect: 80%)
The adder writhes in agony.
The adder bites you.
You miss the adder. The adder bites you but does no damage.
The giant cockroach bites you but does no damage.
You miss the adder. The adder bites you but does no damage.
The giant cockroach bites you but does no damage.
The adder bites you.
You barely miss the adder. The giant cockroach misses you. The adder bites you.
You hit the adder but do no damage. The giant cockroach barely misses you.
The adder barely misses you.
You miss the adder. The adder misses you. The giant cockroach bites you.
The adder bites you.
The giant cockroach bites you but does no damage.
You completely miss the adder. The adder barely misses you.
The giant cockroach bites you but does no damage.
You miss the adder. The adder bites you.
* * * LOW HITPOINT WARNING * * *
The giant cockroach bites you.
* * * LOW HITPOINT WARNING * * *
You closely miss the adder. The adder barely misses you.
The giant cockroach barely misses you.
You closely miss the adder. The adder bites you.
* * * LOW HITPOINT WARNING * * *
You are lethally poisoned!
The adder poisons you! The giant cockroach barely misses you.
The adder bites you.
You die...

** * , ** *
,. , , , *
, .., * ,
... ,, , ,
, * .?.. *
, * * .....
####...# ,,
#.@B.# , ,
#....S...#
, ,
#.......##*
** ,, *, *
#.......# *
,
#.......#**
, *
#.......#*
* #.##..###
,* ,.. ...
, , ,


You could see an adder and a giant cockroach.

Vanquished Creatures
  An endoplasm (D:2)
1 creature vanquished.

Notes
Turn   | Place    | Note
-------+----------+-------------------------------------------
     0 | D:1      | Colgate the Meteoran Necromancer began the quest for the
                  | Orb.
     0 | D:1      | Reached XP level 1. HP: 14/14 MP: 5/5
    22 | D:2      | Slain by an adder

Illustrated notes

Levels and vault maps discovered:
D:1:      dpeg_arrival_orchard, layout_loops_ring, serial_shops,
          nicolae_square_shop, ebering_ecumenical_altar_petrified, hex_large,
          grunt_decor_clamped
D:2:      layout_rooms, basic_altar

Action                     || total
---------------------------++-------
  Melee: Unarmed           ||     9
   Cast: Necrotise         ||     5
 Armour: Robe              ||     6
  Dodge: Dodged            ||     8

Table legend: (Time is in decaauts)
 A = Elapsed time spent in this place.
 B = Non-inter-level travel time spent in this place.
 C = Inter-level travel time spent in this place.
 D = Time resting spent in this place.
 E = Time spent auto-exploring this place.
 F = Levels seen in this place.
 G = Mean time per level.
                   A        B        C        D        E       F      G
               +--------+--------+--------+--------+--------+-----+--------+
         Total |     21 |     21 |      0 |      0 |      0 |   2 |   10.5 |
       Dungeon |     21 |     21 |      0 |      0 |      0 |   2 |   10.5 |
               +--------+--------+--------+--------+--------+-----+--------+

Top non-repeatable levels by time:
     D:2: 13 daAuts
     D:1: 8 daAuts
